 Dungeon Crawl Stone Soup version 0.27.1-37-g7b29ead8ac (webtiles) character file.

Game seed: 13075056039449656716

162 AarnesTheHuman the Changer (level 5, 0/37 HPs)
             Began as a Merfolk Transmuter on Aug 28, 2023.
             Slain by a bullfrog (3 damage)
             ... in a sewer.
             The game lasted 00:06:14 (3504 turns).

AarnesTheHuman the Changer (Merfolk Transmuter)     Turns: 3504, Time: 00:06:15

Health: 0/37       AC:  2    Str: 11    XL:     5   Next: 43%
Magic:  5/9        EV: 35    Int: 13    God:
Gold:   74         SH:  0    Dex: 19    Spells: 3/9 levels left

rFire    . . .     SeeInvis .     - Unarmed
rCold    . . .     Faith    .   (shield currently unavailable)
rNeg     . . .     Spirit   .   (armour currently unavailable)
rPois    .         Reflect  .   (helmet currently unavailable)
rElec    .         Harm     .   (cloak currently unavailable)
rCorr    .         Rampage  .   (gloves currently unavailable)
Will     .....                  (boots currently unavailable)
Stlth    +.........             g - amulet of the acrobat
HPRegen  0.12/turn              c - ring of poison resistance
MPRegen  0.11/turn              (no ring)

@: spider-form (expiring), acrobatic, very slow
A: venomous fangs, tiny, (nimble swimmer 2), (mertail)
a: End Transformation


You were in a sewer.
You were a venomous arachnid creature.
You visited 1 branch of the dungeon, and saw 3 of its levels.
You also visited: Sewer.

You collected 74 gold pieces.

Inventory:

Missiles
 d - 57 stones (quivered)
Armour
 a - a +0 robe (melded)
 f - a +0 pair of boots (melded)
Jewellery
 c - a ring of poison resistance (left front leg)
 g - an amulet of the acrobat (around neck)
Scrolls
 e - a scroll of vulnerability {unknown}
 h - a scroll of magic mapping {unknown}
 i - a scroll of fear {unknown}
 j - a scroll of enchant weapon {unknown}
 k - a scroll of blinking {unknown}
Potions
 b - 2 potions of cancellation {unknown}
 l - a potion of haste {unknown}
 m - 2 potions of mutation {unknown}


   Skills:
 - Level 1.1 Fighting
 - Level 2.6 Dodging
 - Level 4.0 Unarmed Combat
 + Level 2.8 Spellcasting
 - Level 6.0 Transmutations


You had 3 spell levels left.
You knew the following spells:

 Your Spells              Type           Power      Damage    Failure   Level
a - Beastly Appendage     Tmut           34%        N/A       8%          1
b - Wereblood             Tmut           17%        N/A       11%         2
c - Spider Form           Tmut/Pois      4%         N/A       41%         3

Your spell library contained the following spells:

 Spells                   Type           Power      Damage    Failure   Level
 Ice Form                 Ice/Tmut       9%         N/A       77%         4


Dungeon Overview and Level Annotations

Branches:
Dungeon (3/15)              Sewer (1/1)

Altars:

Annotations:
D:2 1 runed translucent door, exclusion: door, Crazy Yiuf


Innate Abilities, Weirdness & Mutations

You are a venomous arachnid creature.
You have poisonous fangs.
You are tiny and dextrous.
Your spellcasting is less reliable in this form.
Your armour is entirely melded.
You are incapable of wielding weapons or throwing items.
((You are quick and stealthy near water. (Stealth+, EV+, Speed+++)))
((Your lower body shifts to a powerful aquatic tail in water.))


Message History

Your +0 pair of boots unmelds from your body.
You turn into a venomous arachnid creature.
Your +0 pair of boots melds into your body.
Your +0 robe melds into your body.
The bullfrog misses you. The ball python bites you.
* * * LOW HITPOINT WARNING * * *
The ball python constricts you.
* * * LOW HITPOINT WARNING * * *
The ball python barely misses you.
You hit the ball python.
You feel a bit better.
You kill the ball python!
Your transformation is almost over.
The bullfrog completely misses you. The ball python misses you.
The ball python completely misses you. The bullfrog closely misses you.
You barely miss the ball python.
You hiss as the wereblood boils in your veins!
The bullfrog completely misses you.
The ball python completely misses you. x2
You bite the bullfrog!
The bullfrog looks as sick as possible!
The bullfrog is heavily wounded.
Your primal bloodlust has ended.
The bullfrog misses you. The ball python closely misses you.
The ball python barely misses you. The bullfrog hits you.
* * * LOW HITPOINT WARNING * * *
The ball python misses you. x2; The ball python barely misses you.
The ball python misses you.
Your unstable footing causes you to fumble your attack.
The bullfrog closely misses you. The ball python completely misses you.
The ball python barely misses you. x3
Your unstable footing causes you to fumble your attack.
The bullfrog barely misses you.
The ball python completely misses you. x2
The ball python barely misses you. The ball python completely misses you.
The bullfrog completely misses you.
Your unstable footing causes you to fumble your attack.
The bullfrog hits you.
* * * LOW HITPOINT WARNING * * *
The ball python completely misses you. The ball python closely misses you.
The ball python completely misses you. The ball python barely misses you.
The ball python completely misses you. The ball python barely misses you.
The bullfrog hits you.
You die...

#####...# #..'††..#
#..#....# ####...##
####################....#
.S.≈≈≈≈≈≈≈≈≈≈≈≈≈≈≈......#
S..≈≈≈≈≈≈≈≈≈≈≈≈≈≈≈.....##
.SS#≈≈≈≈≈≈≈FS≈≈≈≈≈≈....#
...S≈≈≈≈≈≈≈#Fs≈≈≈≈.....#
.S.≈≈≈≈≈≈..S#†≈≈≈≈....##
.(#≈≈≈≈≈≈≈≈≈≈≈≈≈≈≈..### #
###################


You could see 2 bullfrogs and 2 ball pythons.

Vanquished Creatures
  5 river rats
  5 adders
  A worm (D:2)
  4 bats
  4 endoplasms
  2 giant cockroaches (D:1)
  2 goblins
  2 hobgoblins
  2 jackals (D:1)
  4 quokkas (D:3)
  16 ball pythons
  4 frilled lizards
  A kobold (D:1)
  26 rats
78 creatures vanquished.

Vanquished Creatures (others)
  A fungus (D:1)
1 creature vanquished.

Grand Total: 79 creatures vanquished

Notes
Turn   | Place    | Note
-------+----------+-------------------------------------------
     0 | D:1      | AarnesTheHuman the Merfolk Transmuter began the quest for
                  | the Orb.
     0 | D:1      | Reached XP level 1. HP: 15/15 MP: 3/3
     3 | D:1      | Found a faded altar of an unknown god.
   147 | D:1      | Reached skill level 3 in Transmutations
   237 | D:1      | Reached XP level 2. HP: 20/21 MP: 3/5
   250 | D:1      | Reached skill level 4 in Transmutations
   916 | D:1      | Reached XP level 3. HP: 26/26 MP: 4/6
  1063 | D:2      | Found a runed translucent door.
  1064 | D:2      | Noticed Crazy Yiuf
  1300 | D:2      | Learned a level 2 spell: Wereblood
  2306 | D:3      | Reached skill level 5 in Transmutations
  2581 | D:3      | Learned a level 3 spell: Spider Form
  2678 | D:3      | Reached XP level 4. HP: 32/32 MP: 3/7
  2678 | D:3      | Found a glowing drain.
  2684 | Sewer    | Entered a sewer
  2931 | Sewer    | Reached skill level 6 in Transmutations
  3066 | Sewer    | Reached XP level 5. HP: 35/37 MP: 4/8
  3504 | Sewer    | Slain by a bullfrog

Illustrated notes

Levels and vault maps discovered:
D:1:      tarquinn_simple_flora_water_a, layout_rooms, serial_aquarium,
          aquarium_bridge_square [aquarium_subvault_balcony,
          aquarium_subvault_bridge, aquarium_subvault_bridge,
          aquarium_subvault_window], aquarium_bridge_straight
          [aquarium_subvault_bridge, aquarium_subvault_wall,
          aquarium_subvault_bridge, aquarium_subvault_window],
          aquarium_window_1, aquarium_window_fake, aquarium_window_corner,
          aquarium_view_2b, aquarium_balcony_1b, aquarium_pool_2,
          shapermc_ecumenical_altar_gd
D:2:      layout_loops_corners, chequers_serial_rivers_small_3,
          uniq_crazy_yiuf_cottage
D:3:      layout_loops_ring, overflow_temple_1_default,
          mainiacjoe_overflow_concentric_impassable, okawaru_gym_becter,
          gup_sewer_entry_bubbles
Sewer:    sewer_minmay_w

Skill      XL: |  1  2  3  4 |
---------------+-------------+-----
Transmutations | 3 4 5 6 |  6.0
Unarmed Combat | 4 |  4.0
Fighting       | |  1.1
Dodging        | |  2.6
Spellcasting   | |  2.8

Action                   |  1- 3 |  4- 6 || total
-------------------------+-------+-------++-------
Melee: Unarmed           |   107 |   117 ||   224
       Headbutt          |     8 |     9 ||    17
       Punch             |     2 |     1 ||     3
       Tailslap          |     2 |     8 ||    10
Throw: Stone             |       |     1 ||     1
 Cast: Beastly Appendage |    21 |     6 ||    27
       Wereblood         |     2 |     9 ||    11
       Spider Form       |     1 |     4 ||     5
  Use: Scroll            |     6 |       ||     6
 Stab: Sleeping          |     2 |       ||     2
Armor: Robe              |    23 |    10 ||    33
Dodge: Dodged            |    62 |   140 ||   202
